 Dungeon Crawl Stone Soup version 0.31-a0-986-g5e6e4ef867 (webtiles) character file.

Game seed: 5510047991778995146

51 sammy202020 the Trooper (level 3, -2/33 HPs)
             Began as a Minotaur Fighter on Nov 22, 2023.
             Slain by an iguana (5 damage)
             ... on level 2 of the Dungeon.
             The game lasted 00:01:56 (887 turns).

sammy202020 the Trooper (Minotaur Fighter)           Turns: 887, Time: 00:01:57

Health: -2/33      AC:  8    Str: 20    XL:     3   Next: 58%
Magic:  2/2        EV:  9    Int:  7    God:
Gold:   34         SH:  4    Dex:  9    Spells: 2/2 levels left

rFire   + . .        a - +1 war axe
rCold   + . .        c - +0 buckler
rNeg    . . .        b - +0 scale mail
rPois   +            l - +1 hat
rElec   +            (no cloak)
rCorr   +            (no gloves)
SInv    .            (no boots)
Will    .....        (no amulet) Stlth
                     (no ring)
HPRegen 0.25/turn    (no ring)
MPRegen 0.08/turn

%: no passive effects
@: resistant
A: horns 2, retaliatory headbutt
a: no special abilities


You were on level 2 of the Dungeon.
You visited 1 branch of the dungeon, and saw 2 of its levels.

You collected 34 gold pieces.

Inventory:

Hand Weapons
 a - a +1 war axe (weapon)
Missiles
 h - a throwing net
Armour
 b - a +0 scale mail (worn)
 c - a +0 buckler (worn)
 l - a +1 hat (worn)
Jewellery
 f - an amulet of magic regeneration
 k - a ring of ice
Potions
 d - a potion of might


   Skills:
 * Level 4.1 Fighting
 * Level 3.4 Axes
 + Level 4.0 Armour
 + Level 1.0 Dodging
 + Level 4.0 Shields


You had 2 spell levels left.
You didn't know any spells.
Your spell library was empty.

Dungeon Overview and Level Annotations

Branches:
Dungeon (2/15)

Altars:


Innate Abilities, Weirdness & Mutations

You have a pair of horns on your head.
You reflexively headbutt those who attack you in melee.


Message History

You are too injured to fight recklessly!
You are too injured to fight recklessly!
You are too injured to fight recklessly!
You are too injured to fight recklessly!
You are too injured to fight recklessly!
The hobgoblin shouts!
The orc attacks as it pursues you! The orc barely misses you.
The orc attacks as it pursues you! The orc hits you but does no damage.
You see here a +0 dagger.
The orc attacks as it pursues you! You block the orc's attack.
The goblin unwields a +0 dagger.
The goblin wields a +0 sling.
The goblin shoots a sling bullet.
You block the sling bullet.
The goblin shoots a sling bullet.
The sling bullet hits you.
You see here a bat corpse.
The orc attacks as it pursues you! The orc barely misses you.
You barely miss the orc.
The orc is almost dead.
The orc hits you but does no damage. The orc barely misses you.
You barely miss the orc. Your headbutt misses the orc.
The orc is almost dead.
The orc misses you.
You closely miss the orc.
The orc is almost dead.
The orc closely misses you.
You slash the orc!
You kill the orc!
You barely miss the iguana. The iguana bites you!
* * * LOW HITPOINT WARNING * * *
You barely miss the iguana. Your headbutt misses the iguana.
The iguana bites you.
* * * LOW HITPOINT WARNING * * *
You hit the iguana. You headbutt the iguana.
The iguana is moderately wounded.
The iguana bites you.
* * * LOW HITPOINT WARNING * * *
The iguana bites you but does no damage.
It was a potion of resistance.
You feel protected. The iguana bites you.
You die...

...............#
......†........#
##..)...#
#.g.##.... #()## #
##..# #...#
###.#S#######...
#...#ggl@.....#
#>##..#########
#..#...########.
...##............
..###....#########
......#..#
.#......##
#.####..# #
......##.# .#


You could see an iguana, an adder, a hobgoblin and a goblin.

Vanquished Creatures
  An adder (D:2)
  An orc (D:2)
  3 endoplasms (D:1)
  A giant cockroach (D:1)
  5 goblins
  3 hobgoblins (D:1)
  4 kobolds
  3 quokkas
  3 ball pythons (D:1)
  4 bats
  7 frilled lizards
  5 rats (D:1)
40 creatures vanquished.

Notes
Turn   | Place    | Note
-------+----------+-------------------------------------------
     0 | D:1      | sammy202020 the Minotaur Fighter began the quest for the
                  | Orb.
     0 | D:1      | Reached XP level 1. HP: 19/19 MP: 0/0
   208 | D:1      | Reached XP level 2. HP: 27/27 MP: 1/1
   605 | D:1      | Reached XP level 3. HP: 33/33 MP: 2/2
   760 | D:2      | Reached skill level 1 in Dodging
   887 | D:2      | Slain by an iguana

Illustrated notes

Levels and vault maps discovered:
D:1:      ncdulo_watergridlock, layout_loops_ring, minmay_tromino_v4_a
D:2:      layout_rooms, basic_altar, chequers_hall_statues_wall_a, st_stairs_9

Skill      XL: |  1  2  3 |
---------------+----------+-----
Axes           | 3 |  3.4
Fighting       | 4 |  4.1
Armour         | 4 |  4.0
Dodging        | 1 |  1.0
Shields        | 4 |  4.0

Action                     || total
---------------------------++-------
  Melee: War axe           ||    72
         Headbutt          ||     9
    Use: Scroll            ||     4
         Potion            ||     1
 Armour: Scale mail        ||    62
  Dodge: Dodged            ||    38
  Block: Buckler           ||    10

Table legend: (Time is in decaauts)
 A = Elapsed time spent in this place.
 B = Non-inter-level travel time spent in this place.
 C = Inter-level travel time spent in this place.
 D = Time resting spent in this place.
 E = Time spent auto-exploring this place.
 F = Levels seen in this place.
 G = Mean time per level.
                   A        B        C        D        E       F      G
               +--------+--------+--------+--------+--------+-----+--------+
         Total |    913 |    913 |      0 |      0 |    672 |   2 |  456.5 |
       Dungeon |    913 |    913 |      0 |      0 |    672 |   2 |  456.5 |
               +--------+--------+--------+--------+--------+-----+--------+

Top non-repeatable levels by time:
     D:1: 751 daAuts
     D:2: 162 daAuts
